 Dungeon Crawl Stone Soup version 0.25.0 (webtiles) character file.

Game seed: 6274028566847552013

4731 MDvedh the Severer (level 10, -1/115 HPs)
             Began as a Minotaur Berserker on June 12, 2020.
             Was a High Priest of Trog.
             Slain by a slime creature (12 damage)
             ... on level 8 of the Dungeon.
             The game lasted 00:09:02 (8480 turns).

MDvedh the Severer (Minotaur Berserker)             Turns: 8480, Time: 00:09:03

Health: -1/115     AC:  8    Str: 25    XL:     10   Next: 22%
Magic:  9/9        EV: 12    Int:  4    God:    Trog [*****.]
Gold:   154        SH:  0    Dex: 10    Spells: 9/9 levels left

rFire    + . .     SeeInvis .   y - +6 war axe (freeze)
rCold    . . .     Gourm    .   (no shield)
rNeg     . . .     Faith    .   n - +0 ring mail
rPois    .         Spirit   .   h - +1 hat
rElec    .         Reflect  .   (no cloak)
rCorr    .         Harm     .   E - +0 pair of gloves
MR       .....                  B - +0 pair of boots
Stlth    ..........             w - amulet of the acrobat
HPRegen  0.29/turn              k - ring of protection from fire
MPRegen  0.11/turn              (no ring)

@: berserking, very quick
A: retaliatory headbutt, horns 2, blurry vision 1, wild magic 1, sturdy frame 1
a: Berserk, Trog's Hand, Brothers in Arms, Renounce Religion


You were on level 8 of the Dungeon.
You worshipped Trog.
Trog was extremely pleased with you.
You were very hungry.

You visited 1 branch of the dungeon, and saw 8 of its levels.

You collected 541 gold pieces.
You spent 387 gold pieces at shops.

Inventory:

Hand Weapons
 a - a +0 hand axe
 y - a +6 war axe of freezing (weapon)
Armour
 h - a +1 hat (worn)
 n - a +0 ring mail (worn)
 B - a +0 pair of boots (worn)
 E - a +0 pair of gloves (worn)
Jewellery
 k - a ring of protection from fire (left hand)
 w - an amulet of the acrobat (around neck)
Wands
 t - a wand of clouds (7)
 C - a wand of acid (6)
Scrolls
 b - 2 scrolls of enchant weapon {unknown}
 d - 3 scrolls of magic mapping {unknown}
 e - 2 scrolls of enchant armour {unknown}
 f - 4 scrolls of identify {unknown}
 g - a scroll of amnesia {unknown}
 i - 4 scrolls of remove curse {unknown}
 j - a scroll of immolation {unknown}
 m - 4 scrolls of teleportation {unknown}
 u - a scroll of noise {unknown}
 x - a scroll of blinking {unknown}
Potions
 l - a potion of stabbing {unknown}
 o - 4 potions of brilliance {unknown}
 p - a potion of magic {unknown}
 q - a potion of flight {unknown}
 r - 4 potions of might
 s - a potion of lignification {unknown}
 v - 3 potions of curing
 z - a potion of haste {unknown}
 A - a potion of heal wounds {unknown}
Comestibles
 c - 16 rations


   Skills:
 - Level 3.6 Fighting
 + Level 16.9 Axes
 - Level 2.4 Armour
 - Level 2.1 Dodging


You had 9 spell levels left.
You didn't know any spells.
Your spell library was empty.

Dungeon Overview and Level Annotations

Branches:
Dungeon (8/15)             Temple (0/1) D:6
   Lair: D:8-11

Altars:
Dithmenos
Elyvilon
Fedhas
Makhleb
Qazlal
Wu Jian

Shops:
D:6 ([:!=

Annotations:
D:6 2 runed translucent doors, Noname's ghost, novice DrIE


Innate Abilities, Weirdness & Mutations

You reflexively headbutt those who attack you in melee.
You have a pair of horns on your head.
Scrolls take you a little longer to read.
Your spells are a little harder to cast, but a little more powerful.
Your movements are slightly less encumbered by armour. (ER -2)


Message History

You slice the slime creature!! You freeze the slime creature.
You feel the power of Trog in you as your rage grows.
You kill the slime creature!
Trog accepts your kill.
You hit the slime creature. You freeze the slime creature.
You slash the slime creature! You freeze the slime creature.
You kill the slime creature!
Trog accepts your kill.
You slice the slime creature!! You freeze the slime creature.
You kill the slime creature!
Trog accepts your kill. The slime creature hits you!
* * * LOW HITPOINT WARNING * * *
You slash the slime creature! You freeze the slime creature.
The slime creature is severely wounded.
Unknown command.
You slash the slime creature! You freeze the slime creature.
The slime creature is almost dead.
The slime creature hits you!
You die...

#.#.# # #. #........#
#...#.# #. #.######.#
#.###.# #. #.# #.#
####.....# #. #.# #.#
.##......# .#.###..## #.#
.##......# ........# #.#
.##......# ###.####.# #.#
.##......## ##.!...##.####.#
..'......+..#..J@...#..> #.#
..#).....#..#.......#.####.#
..#########....._....^.....#
..# #..#.....:.#..#####
#.########. #.......#.##
))........ ##.!...##..
#.####### ###.####... #.# ,
.........$...... #.# *
######.#.########


You could see a slime creature.

Vanquished Creatures
  Psyche (D:8)
  3 slime creatures (D:8)
  2 hippogriffs (D:7)
  A shadow (D:7)
  A basilisk (D:7)
  A steam dragon (D:7)
  A soldier ant (D:7)
  A water moccasin (D:7)
  A sky beast (D:5)
  A black bear (D:5)
  2 centaurs
  5 ogres
  3 phantoms
  2 gnoll sergeants
  4 bullfrogs (D:7)
  3 scorpions
  6 killer bees (D:7)
  A howler monkey (D:5)
  6 crimson imps
  A bullfrog zombie (D:7)
  An orc priest (D:4)
  3 jellies
  7 orc wizards
  4 worker ants
  5 iguanas
  A hound zombie (D:7)
  A hound skeleton (D:5)
  3 gnolls (D:7)
  A howler monkey skeleton (D:4)
  9 adders
  2 shadow imps
  An ooze (D:1)
  2 adder skeletons
  A worm (D:5)
  5 dart slugs
  9 leopard geckos
  15 orcs
  4 giant cockroaches
  6 goblins
  3 hobgoblins
  5 jackals
  10 kobolds
  3 quokkas
  4 ball pythons
  7 bats
  6 frilled lizards
  A quokka skeleton (D:6)
  A quokka zombie (D:5)
  7 rats
173 creatures vanquished.

Notes
Turn   | Place    | Note
-------+----------+-------------------------------------------
     0 | D:1      | MDvedh the Minotaur Berserker began the quest for the Orb.
     0 | D:1      | Reached XP level 1. HP: 19/19 MP: 0/0
   202 | D:1      | Reached skill level 4 in Axes
   317 | D:1      | Reached XP level 2. HP: 23/26 MP: 1/1
   797 | D:2      | Found a blossoming altar of Fedhas.
   798 | D:2      | Found a white marble altar of Elyvilon.
   958 | D:2      | Reached skill level 5 in Axes
  1061 | D:2      | Reached XP level 3. HP: 31/31 MP: 2/2
  1391 | D:2      | Found a faded altar of an unknown god.
  1500 | D:2      | Reached skill level 6 in Axes
  1500 | D:2      | Reached XP level 4. HP: 38/39 MP: 3/3
  1733 | D:2      | Reached ** piety under Trog
  2542 | D:3      | Found an ornate altar of the Wu Jian Council.
  2644 | D:3      | Reached XP level 5. HP: 40/45 MP: 4/4
  2708 | D:3      | Reached skill level 7 in Axes
  3341 | D:4      | Reached skill level 8 in Axes
  3493 | D:4      | Reached *** piety under Trog
  3493 | D:4      | Reached XP level 6. HP: 51/51 MP: 5/5
  3943 | D:5      | Entered Level 5 of the Dungeon
  3943 | D:5      | Noticed a sky beast
  3952 | D:5      | Killed a sky beast
  3952 | D:5      | Reached skill level 9 in Axes
  4054 | D:5      | Reached XP level 7. HP: 29/57 MP: 6/6
  4316 | D:5      | Reached skill level 10 in Axes
  4600 | D:5      | Reached skill level 11 in Axes
  4749 | D:5      | Reached XP level 8. HP: 51/64 MP: 7/7
  5256 | D:5      | Reached **** piety under Trog
  5256 | D:5      | Reached skill level 12 in Axes
  5620 | D:6      | Found a stormy altar of Qazlal.
  5720 | D:6      | Found Ninube's Book Shop.
  5729 | D:6      | Found Deifid Itobu's Armour Boutique.
  5767 | D:6      | Found Qycuolyo's Antique Weapon Boutique.
  5771 | D:6      | Bought a runed war axe for 123 gold pieces
  5849 | D:6      | Found a runed translucent door.
  5850 | D:6      | Noticed Noname's ghost (novice DrIE)
  5877 | D:6      | Found a staircase to the Ecumenical Temple.
  6053 | D:6      | Found Wezuaxib's Jewellery Shoppe.
  6099 | D:6      | Found Xuqifa's Distillery.
  6104 | D:6      | Bought a potion of curing for 36 gold pieces
  6104 | D:6      | Bought a potion of mutation for 96 gold pieces
  6104 | D:6      | Bought 2 potions of might for 96 gold pieces
  6104 | D:6      | Bought a potion of curing for 36 gold pieces
  6104 | D:6      | Gained mutation: Your mind is acute. (Int +2) [potion of
                  | mutation]
  6104 | D:6      | Gained mutation: Armour fits poorly on your strangely
                  | shaped body. [potion of mutation]
  6104 | D:6      | Gained mutation: Your mind is very acute. (Int +4) [potion
                  | of mutation]
  6104 | D:6      | Gained mutation: You have sharp toenails. [potion of
                  | mutation]
  6105 | D:6      | Lost mutation: Armour fits poorly on your strangely shaped
                  | body. [potion of mutation]
  6105 | D:6      | Gained mutation: Scrolls take you a little longer to read.
                  | [potion of mutation]
  6105 | D:6      | Gained mutation: You are agile. (Dex +2) [potion of
                  | mutation]
  6106 | D:6      | Lost mutation: Scrolls take you a little longer to read.
                  | [potion of mutation]
  6106 | D:6      | Lost mutation: You are agile. (Dex +2) [potion of mutation]
  6106 | D:6      | Gained mutation: Scrolls take you a little longer to read.
                  | [potion of mutation]
  6106 | D:6      | Lost mutation: Scrolls take you a little longer to read.
                  | [potion of mutation]
  6326 | D:6      | Found a runed translucent door.
  6394 | D:7      | Lost mutation: Your mind is very acute. (Int +4) [potion of
                  | mutation]
  6394 | D:7      | Lost mutation: You have sharp toenails. [potion of
                  | mutation]
  6394 | D:7      | Lost mutation: Your mind is acute. (Int +2) [potion of
                  | mutation]
  6394 | D:7      | Gained mutation: Your movements are slightly less
                  | encumbered by armour. (ER -2) [potion of mutation]
  6394 | D:7      | Gained mutation: You have large cloven feet. [potion of
                  | mutation]
  6394 | D:7      | Gained mutation: You passively map a small area around you.
                  | [potion of mutation]
  6394 | D:7      | Gained mutation: You have a pair of large horns on your
                  | head. [potion of mutation]
  6411 | D:7      | Reached skill level 13 in Axes
  6736 | D:7      | Reached XP level 9. HP: 9/70 MP: 8/8
  6738 | D:7      | Reached skill level 14 in Axes
  7377 | D:7      | Reached skill level 15 in Axes
  7763 | D:7      | Reached skill level 16 in Axes
  7935 | D:8      | Noticed Psyche
  7938 | D:8      | Killed Psyche
  7938 | D:8      | Reached XP level 10. HP: 77/77 MP: 9/9
  7939 | D:8      | Reached ***** piety under Trog
  8087 | D:8      | Lost mutation: You passively map a small area around you.
                  | [potion of mutation]
  8087 | D:8      | Lost mutation: You have a pair of large horns on your head.
                  | [potion of mutation]
  8087 | D:8      | Lost mutation: You have large cloven feet. [potion of
                  | mutation]
  8087 | D:8      | Gained mutation: Scrolls take you a little longer to read.
                  | [potion of mutation]
  8087 | D:8      | Gained mutation: Your spells are a little harder to cast,
                  | but a little more powerful. [potion of mutation]
  8200 | D:8      | Found a shadowy altar of Dithmenos.
  8452 | D:8      | Found a burning altar of Makhleb.
  8480 | D:8      | Slain by a slime creature

Illustrated notes

Levels and vault maps discovered:
D:1:      evilmike_arrival_rings, layout_basic
D:2:      minmay_razor_zed, layout_loops_corners,
          gammafunk_temple_overflow_pools, chequers_ecumenical_altar_island
D:3:      layout_basic, lemuel_doored_altar, first_ration
D:4:      layout_basic, kennysheep_generic_room_11
D:5:      cheibrodos_barr_body, layout_basic
D:6:      layout_loops_corners, nicolae_overflow_crystal_walls,
          minmay_temple_entry_glass, ebering_ghost_sewer_f, serial_shops,
          nicolae_shop_stone, shop_coins, kennysheep_little_box,
          nicolae_shop_crystal, nicolae_shop_stone, serial_bayou_pond_d
D:7:      minmay_the_grid_plus_closed [minmay_the_grid_outer_diamond,
          minmay_the_grid_pillar_ring, minmay_the_grid_eight,
          minmay_the_grid_zigzag_pyramid,
          minmay_the_grid_prize_shrinking_boxes], layout_loops_ring
D:8:      layout_basic, kennysheep_mini, old_standard_altar, uniq_psyche

Skill      XL: |  1  2  3  4  5  6  7  8  9 |
---------------+----------------------------+-----
Axes           | 4 5 6 8 9 11 13 16 | 16.9
Fighting       | |  3.6
Armour         | |  2.4
Dodging        | |  2.1

Action                   |  1- 3 |  4- 6 |  7- 9 | 10-12 || total
-------------------------+-------+-------+-------+-------++-------
Melee: Hand axe          |    72 |   179 |   116 |       ||   367
       Headbutt          |    12 |    37 |    34 |     3 ||    86
       War axe           |       |       |    92 |    30 ||   122
       Kick              |       |       |     9 |       ||     9
Invok: Berserk           |       |     1 |     7 |     1 ||     9
  Use: Potion            |       |       |     4 |     1 ||     5
 Stab: Sleeping          |       |     1 |       |       ||     1
  Eat: Chunk             |     2 |     8 |    14 |       ||    24
       Ration            |       |       |     2 |       ||     2
Armor: Animal skin       |    14 |     9 |       |       ||    23
       Ring mail         |       |    47 |    40 |     2 ||    89
Dodge: Dodged            |    56 |    79 |    98 |    12 ||   245
